 Dungeon Crawl Stone Soup version 0.22-a0-422-g9628fc8 (webtiles) character file.

28 Kairos the Shield-Bearer (level 3, 20/20 HPs)
             Began as a Vine Stalker Fighter on May 19, 2018.
             Quit the game on level 1 of the Dungeon.
             The game lasted 00:00:58 (541 turns).

Kairos the Shield-Bearer (Vine Stalker Fighter)      Turns: 541, Time: 00:00:59

Health: 20/20      AC:  6    Str: 19    XL:     3   Next: 12%
Magic:  4/4        EV:  7    Int:  8    God:
Gold:   65         SH:  9    Dex: 13    Spells: 2/2 levels left

rFire    . . .     SeeInvis .   a - +0 war axe
rCold    . . .     Gourm    .   c - +0 shield
rNeg     . . .     Faith    .   b - +0 scale mail
rPois    .         Spirit   +   (no helmet)
rElec    .         Reflect  .   (no cloak)
rCorr    .         Harm     .   (no gloves)
MR       .....                  (no boots)
Stlth    ..........             (no amulet)
HPRegen  0.06/turn              (no ring)
MPRegen  0.09/turn              (no ring)

@: no status effects
A: fangs 2, magic shield, antimagic bite, no potion heal 3, rot immunity
a: no special abilities


You were on level 1 of the Dungeon.
You were not hungry.

You visited 1 branch of the dungeon, and saw 1 of its levels.

You collected 65 gold pieces.

Inventory:

Hand Weapons
 a - a +0 war axe (weapon)
Armour
 b - a +0 scale mail (worn)
 c - a +0 shield (worn)
Scrolls
 e - a scroll of magic mapping {unknown}
 g - a scroll of teleportation {unknown}
 h - a scroll of amnesia {unknown}
Potions
 d - a potion of might
Comestibles
 f - 3 rations


   Skills:
 + Level 3.0 Fighting
 + Level 2.0 Axes
 + Level 2.7 Armour
 + Level 3.0 Shields


You had 2 spell levels left.
You didn't know any spells.
Your spell library was empty.

Dungeon Overview and Level Annotations

Branches:
Dungeon (1/15)

Altars:


Innate Abilities, Weirdness & Mutations

You have extremely sharp teeth.
When hurt, damage is shared between your health and your magic reserves.
Your bite disrupts and absorbs the magic of your enemies.
Potions cannot restore your health.
You are immune to rotting.


Message History

A rat is nearby!
You closely miss the rat. The rat barely misses you.
A rat is nearby!
You closely miss the rat.
You kill the rat!
There is an open door here.
There is an open door here.
Done exploring.
No target in view!
Done exploring.
No target in view!
Done exploring.
No target in view!
Done exploring.
No target in view!
Done exploring.
Done exploring.
Done exploring.
Done exploring.
Are you sure you want to abandon this character and quit the game? (Confirm with "yes".)

.#.# #####...#..........########.
.#.###.......##########.##....##.
.....'.......'..................>
##.#.#.......################.###
#...#.......# #.# ###.#.......#
#.# #.#....(..#
##############.### #.#....####
#...#............. #.#....#
#@#+#..⌠...⌠..#### #.#....#
#.......###...# # #.######
#.......#<'..## #
#.###########.......###..# #
#..................⌠...⌠.# #
##.###########............# #
#.......# #.###....#########
###..#.##'######'######## #.....#
.....###.............# #.###.#


There were no monsters in sight!

Vanquished Creatures
  3 dart slugs (D:1)
  A giant cockroach (D:1)
  A hobgoblin (D:1)
  5 jackals (D:1)
  A ball python (D:1)
  4 bats (D:1)
  3 goblins (D:1)
  3 rats (D:1)
21 creatures vanquished.

Notes
Turn   | Place    | Note
-------+----------+-------------------------------------------
     0 | D:1      | Kairos the Vine Stalker Fighter began the quest for the Orb.
     0 | D:1      | Reached XP level 1. HP: 11/11 MP: 2/2
   107 | D:1      | Reached XP level 2. HP: 16/16 MP: 3/3
   317 | D:1      | Reached XP level 3. HP: 20/20 MP: 4/4
   541 | D:1      | Quit the game

Vault maps used:
D:1:      scummos_arrival_simple_fountains, minmay_tiny_reverse_x

Skill      XL: |  1  2 |
---------------+-------+-----
Shields        | 3 |  3.0
Axes           | 2 |  2.0
Fighting       | 3 |  3.0
Armour         | |  2.7

Action                   || total
-------------------------++-------
Melee: War axe           ||    43
       Bite              ||    11
Armor: Scale mail        ||    22
Dodge: Dodged            ||    13
Block: Shield            ||    31

Table legend:
 A = Spawn XP
 B = Non-spawn XP
 C = Spawn XP percentage of total XP
 D = Spawn monster count
 E = Non-spawn monster count
 F = Spawn count percentage of total count
 G = Total turns spent on level
                    A         B        C        D         E        F      G
               +---------+---------+-------+---------+---------+-------+---------
         Total |       0 |      40 |   0.0 |       0 |      21 |   0.0 |   541
               +---------+---------+-------+---------+---------+-------+---------
           D:1 |       0 |      40 |   0.0 |       0 |      21 |   0.0 |   541
               +---------+---------+-------+---------+---------+-------+---------
